 Dungeon Crawl Stone Soup version 0.19-a0-1740-g0bcaf2e (webtiles) character file.

220 junb69 the Slasher (level 5, -4/51 HPs)
             Began as a Naga Gladiator on Oct 1, 2016.
             Was a Believer of Cheibriados.
             Slain by Xiguana's ghost (7 damage)
             ... on level 4 of the Dungeon.
             The game lasted 00:06:23 (2859 turns).

junb69 the Slasher (Naga Gladiator)                 Turns: 2859, Time: 00:06:24

Health: -4/51      AC:  5    Str: 21    XL:     5   Next: 97%
Magic:  5/5        EV: 10    Int: 13    God:    Cheibriados [**....]
Gold:   113        SH:  0    Dex: 16    Spells: 0 memorised, 4 levels left

rFire  . . .     SeeInvis +     a - +0 long sword
rCold  . . .     Gourm    .     m - +0 ring mail
rNeg   . . .     Faith    .     (no shield)
rPois  +         Spirit   .     c - +0 helmet
rElec  .         Dismiss  .     (no cloak)
rCorr  .         Reflect  .     (no gloves)
MR     .....     Harm     .     (no barding)
Stlth  +.........               (no amulet)
                                (no ring)
                                k - ring of flight

@: very slightly contaminated, hasted, slow
A: see invisible, deformed body, poison resistance, slowness 2, slow metabolism
1, spit poison 1, AC +1
a: Spit Poison, Bend Time, Renounce Religion, Evoke Flight


You were on level 4 of the Dungeon.
You worshipped Cheibriados.
Cheibriados was pleased with you.
You were not hungry.

You visited 1 branch of the dungeon, and saw 4 of its levels.

You collected 113 gold pieces.

Inventory:

Hand Weapons
 a - a +0 long sword (weapon)
Missiles
 d - 3 throwing nets (quivered)
Armour
 b - a +0 chain mail
 c - a +0 helmet (worn)
 m - a +0 ring mail (worn)
Jewellery
 k - a ring of flight (left hand)
Scrolls
 g - a scroll of teleportation {unknown}
 j - a scroll of immolation {unknown}
 l - a scroll of remove curse {unknown}
 n - a scroll of blinking {unknown}
 q - a scroll of recharging {unknown}
 r - a scroll of fear {unknown}
 s - a scroll of enchant weapon {unknown}
 t - a scroll of identify {unknown}
Potions
 h - a potion of mutation {unknown}
Comestibles
 f - 2 bread rations
 o - a meat ration


   Skills:
 * Level 4.4 Fighting
 * Level 4.9 Long Blades
 - Level 1.7 Throwing
 - Level 2.4 Dodging


You had 4 spell levels left.
You didn't know any spells.

Dungeon Overview and Level Annotations

Branches:
Dungeon (4/15)
 Temple: D:4-7

Altars:
Cheibriados
Kikubaaqudgha
Sif Muna
Uskayaw

Annotations:
D:4 Xiguana's ghost, amateur FoFi


Innate Abilities, Weirdness & Mutations

You cannot wear boots.
Your serpentine skin is tough. (AC +1)
You have supernaturally acute eyesight. (SInv)
Armour fits poorly on your strangely shaped body.
Your system is resistant to poisons. (rPois)
You cover ground very slowly.
You have a slow metabolism.
You can spit poison.


Message History

Xiguana's ghost hits you.
You hit Xiguana's ghost but do no damage.
Xiguana's ghost is moderately damaged.
You hit Xiguana's ghost.
Xiguana's ghost is heavily damaged.
Xiguana's ghost barely misses you.
You feel better. Xiguana's ghost hits you!
You completely miss Xiguana's ghost.
Xiguana's ghost is heavily damaged.
Xiguana's ghost hits you but does no damage.
You hit Xiguana's ghost but do no damage.
Xiguana's ghost is heavily damaged.
You barely miss Xiguana's ghost.
Xiguana's ghost is heavily damaged.
Xiguana's ghost hits you!
* * * LOW HITPOINT WARNING * * *
You barely miss Xiguana's ghost.
Xiguana's ghost is heavily damaged.
Xiguana's ghost hits you!
You die...

.# # .#
.#.#####.#
.........
....P.P.####
###...P.## #
#.#......#.#
#........#.#
#....#W@.P.#
#._..##..P.#
#....#...P.# #
#......PP..#
#..##
#[#......###
#.....###.....##
#....)..###
####.##.# #.##.#


You could see Xiguana's ghost.

Vanquished Creatures
  An orc priest (D:3)
  An orc wizard (D:3)
  2 worker ants
  3 adders (D:3)
  A worm (D:3)
  4 dart slugs
  2 leopard geckos
  5 orcs (D:3)
  A giant cockroach (D:2)
  9 goblins
  7 hobgoblins
  3 jackals (D:1)
  A quokka (D:2)
  6 bats
  3 frilled lizards
  12 kobolds
  9 rats
70 creatures vanquished.

Notes
Turn   | Place    | Note
-------+----------+-------------------------------------------
     0 | D:1      | junb69 the Naga Gladiator began the quest for the Orb.
     0 | D:1      | Reached XP level 1. HP: 19/19 MP: 1/1
   118 | D:1      | Reached XP level 2. HP: 19/27 MP: 2/2
   404 | D:1      | Reached XP level 3. HP: 33/33 MP: 3/3
   732 | D:2      | Found a snail-covered altar of Cheibriados.
   799 | D:2      | Became a worshipper of Cheibriados the Contemplative
  1243 | D:2      | Found a hide-covered altar of Uskayaw.
  1368 | D:3      | Found a deep blue altar of Sif Muna.
  1445 | D:3      | Reached XP level 4. HP: 32/42 MP: 4/4
  1675 | D:3      | Reached * piety under Cheibriados
  2023 | D:3      | Reached XP level 5. HP: 50/50 MP: 5/5
  2456 | D:3      | Reached ** piety under Cheibriados
  2821 | D:4      | Found an ancient bone altar of Kikubaaqudgha.
  2839 | D:4      | Noticed Xiguana's ghost (amateur FoFi)
  2859 | D:4      | Slain by Xiguana's ghost

Vault maps used:
D:1:      tarquinn_simple_flora_water_e, st_stairs_8, minmay_misc_feat_iff
D:2:      lemuel_round_altar, cheibriados_altar_1, feat_on_display
D:3:      lemuel_coloured_pillars_altar
D:4:      overflow_temple_1_default, kiku_gazebo_garden_becter, first_bread,
          uniq_natasha

Skill      XL: |  1  2  3  4  5 |
---------------+----------------+-----
Fighting       | 3 4 |  4.4
Long Blades    | 4 |  4.9
Throwing       | |  1.7
Dodging        | |  2.4

Action                   |  1- 3 |  4- 6 || total
-------------------------+-------+-------++-------
Melee: Long sword        |   120 |   130 ||   250
 Abil: Spit Poison       |       |     3 ||     3
  Use: Potion            |       |     3 ||     3
  Eat: Chunk             |     2 |     3 ||     5
Armor: Leather armour    |    29 |       ||    29
       Ring mail         |    13 |    51 ||    64
Dodge: Dodged            |    75 |    65 ||   140
